 Dungeon Crawl Stone Soup version 0.30-a0-54-g2e61a25929 (webtiles) character file.

Game seed: 17901968509401939032

1365 Newt the Cutter (level 8, -3/68 HPs)
             Began as a Red Draconian Monk on Sept 7, 2022.
             Was a Priest of Dithmenos.
             Slain by a boulder beetle (15 damage)
             ... on level 6 of the Dungeon.
             The game lasted 00:06:32 (5407 turns).

Newt the Cutter (Red Draconian Monk)                Turns: 5407, Time: 00:06:33

Health: -3/68      AC:  8    Str: 21      XL:     8   Next: 38%
Magic:  8/8        EV: 13    Int: 13 (14) God:    Dithmenos [***...]
Gold:   311        SH:  0    Dex: 19      Spells: 7/7 levels left

rFire   + . .      SeeInvis .    o - +3 short sword
rCold   . . .      Faith    .    (no shield)
rNeg    . . .      Spirit   .    (body armour unavailable)
rPois   .          Reflect  .    (helmet restricted)
rElec   .          Harm     .    (no cloak)
rCorr   .          Rampage  .    (no gloves)
Will    .....                    n - +1 pair of boots
Stlth   +++++.....               (no amulet)
HPRegen 0.21/turn                f - +6 ring of dexterity
MPRegen 0.11/turn                e - +6 ring of strength

@: wreathed by umbra
A: breathe fire, AC +6, unfitting armour, fire resistance 1, cold-blooded,
hooves 1, clever 1, deterioration 1, high MP 1, MP-powered wands
a: Breathe Fire, Renounce Religion, Shadow Step


You were on level 6 of the Dungeon.
You worshipped Dithmenos.
Dithmenos was most pleased with you.
You visited 1 branch of the dungeon, and saw 6 of its levels.

You collected 311 gold pieces.

Inventory:

Hand Weapons
 a - a +0 mace
 o - a +3 short sword (weapon)
Missiles
 b - 5 curare-tipped darts (quivered)
 g - 6 poisoned darts
Armour
 n - a +1 pair of boots (worn)
Jewellery
 e - a +6 ring of strength (right hand)
 f - a +6 ring of dexterity (left hand)
 t - a +6 ring of strength
Scrolls
 c - 2 scrolls of teleportation
 k - 2 scrolls of fear
Potions
 d - 5 potions of curing
 h - a potion of haste
 i - a potion of flight {unknown}
 j - 2 potions of magic
 l - a potion of attraction {unknown}
 m - a potion of might {unknown}
 p - a potion of invisibility {unknown}
 q - 2 potions of brilliance {unknown}
 r - 2 potions of heal wounds {unknown}
 s - a potion of cancellation {unknown}


   Skills:
 - Level 5.0 Fighting
 + Level 7.7 Short Blades
 - Level 3.0 Maces & Flails
 - Level 2.6 Dodging
 - Level 6.0 Stealth


You had 7 spell levels left.
You didn't know any spells.
Your spell library contained the following spells:

 Spells                   Type           Power      Damage    Failure   Level
 Blink                    Tloc           0%         N/A       43%         2
 Ozocubu's Armour         Ice            0%         N/A       67%         3
 Summon Guardian Golem    Hex/Summ       0%         N/A       67%         3
 Manifold Assault         Tloc           0%         N/A       100%        5
 Orb of Destruction       Conj           0%         9d5       100%        7
 Ozocubu's Refrigeration  Ice            0%         4d7       100%        7
 Spellforged Servitor     Conj/Summ      0%         N/A       100%        7
 Storm Form               Tmut/Air       0%         N/A       100%        7


Dungeon Overview and Level Annotations

Branches:
Dungeon (6/15)
 Temple: D:4-7

Altars:
Dithmenos

Shops:
D:1 [   D:5 (


Innate Abilities, Weirdness & Mutations

You can breathe blasts of fire.
Your fiery red scales are hard. (AC +6)
You cannot fit into any form of body armour.
Your flesh is heat resistant. (rF+)
You are cold-blooded and may be slowed by cold attacks.
You have large cloven feet.
Your mind is acute. (Int +4, Str/Dex -1)
Your body sometimes deteriorates upon taking damage.
You have an increased reservoir of magic. (+10% MP)
You expend magic power (3 MP) to strengthen your wands.


Message History

Unknown command.
You hit the boulder beetle but do no damage.
You tail-slap the boulder beetle, but do no damage.
The boulder beetle is heavily wounded.
A water moccasin comes into view.
The boulder beetle is engulfed in blazing flames.
The boulder beetle barely misses you.
You hit the boulder beetle but do no damage.
You tail-slap the boulder beetle, but do no damage.
The boulder beetle is heavily wounded.
You hit the boulder beetle but do no damage.
The boulder beetle is heavily wounded.
The boulder beetle misses you.
An orc comes into view. It is wielding a +0 dagger.
An orc comes into view. It is wielding a +0 short sword.
The boulder beetle is engulfed in blazing flames.
The boulder beetle closely misses you.
The orc drinks a potion.
The orc seems to speed up.
You see here a +0 trident.
The boulder beetle is engulfed in blazing flames.
You see here a ring of positive energy.
The boulder beetle attacks as you move away!
The boulder beetle bites you!
You have got your breath back.
The boulder beetle attacks as you move away!
The boulder beetle bites you!
Your body deteriorates!
You feel dopey.
The boulder beetle curls into a ball and begins rolling!
The boulder beetle attacks as you move away!
The boulder beetle completely misses you.
The boulder beetle stops rolling and uncurls.
The water moccasin closely misses you.
The boulder beetle curls into a ball and begins rolling!
The water moccasin barely misses you. The water moccasin misses you.
The boulder beetle hits you!!
* * * LOW HITPOINT WARNING * * *
The boulder beetle stops rolling and uncurls.
The boulder beetle attacks as you move away!
The boulder beetle bites you!
You die...

####### ######
##.....##.....#
##<.<...........
#....@..>........
#....SB..........
#...oD°..........
##................
#.................
#..................
#..........o.........
..................^..
..#.....#.....#.....#


You could see a boulder beetle, a steam dragon, a water moccasin and 2 orcs.

Vanquished Creatures
  A cyclops (D:6)
  A steam dragon (D:6)
  2 water moccasins
  A black bear (D:4)
  A kobold brigand (D:3)
  A necrophage (D:5)
  An orc priest (D:5)
  A jelly (D:4)
  4 iguanas
  3 orc wizards (D:5)
  5 adders
  4 gnolls (D:5)
  A white imp (D:4)
  2 dart slugs
  15 orcs
  5 bats
  2 endoplasms
  3 giant cockroaches
  5 goblins
  8 hobgoblins
  6 jackals
  6 ball pythons
  3 frilled lizards
  10 kobolds
  3 rats
94 creatures vanquished.

Notes
Turn   | Place    | Note
-------+----------+-------------------------------------------
     0 | D:1      | Newt the Draconian Monk began the quest for the Orb.
     0 | D:1      | Reached XP level 1. HP: 19/19 MP: 1/1
    20 | D:1      | Found a faded altar of an unknown god.
   462 | D:1      | Reached XP level 2. HP: 25/27 MP: 2/2
   705 | D:1      | Found Ucegimue's Antique Armour Shoppe.
  1358 | D:2      | Reached XP level 3. HP: 26/34 MP: 3/3
  1536 | D:2      | Found a shadowy altar of Dithmenos.
  1617 | D:2      | Became a worshipper of Dithmenos the Shadowed
  1617 | D:2      | Reached * piety under Dithmenos
  1617 | D:2      | Reached ** piety under Dithmenos
  1937 | D:3      | Reached skill level 5 in Fighting
  2015 | D:3      | Reached skill level 1 in Short Blades
  2031 | D:3      | Reached XP level 4. HP: 42/42 MP: 4/4
  2125 | D:3      | Noticed a kobold brigand
  2163 | D:3      | Killed a kobold brigand
  2164 | D:3      | Reached skill level 3 in Short Blades
  2164 | D:3      | Reached XP level 5. HP: 33/48 MP: 5/5
  2680 | D:3      | Gained mutation: Your mind is acute. (Int +4, Str/Dex -1)
                  | [potion of mutation]
  2680 | D:3      | Gained mutation: You are clumsy. (Dex -2) [potion of
                  | mutation]
  2680 | D:3      | Gained mutation: You occasionally shout uncontrollably at
                  | your foes. [potion of mutation]
  2680 | D:3      | Gained mutation: Your large and strong wings let you fly.
                  | [potion of mutation]
  2681 | D:3      | Lost mutation: You occasionally shout uncontrollably at
                  | your foes. [potion of mutation]
  2681 | D:3      | Lost mutation: Your large and strong wings let you fly.
                  | [potion of mutation]
  2681 | D:3      | Gained mutation: You have large cloven feet. [potion of
                  | mutation]
  2681 | D:3      | Gained mutation: Your body sometimes deteriorates upon
                  | taking damage. [potion of mutation]
  2682 | D:3      | Lost mutation: Your body sometimes deteriorates upon taking
                  | damage. [potion of mutation]
  2682 | D:3      | Lost mutation: You are clumsy. (Dex -2) [potion of
                  | mutation]
  2682 | D:3      | Gained mutation: You have an increased reservoir of magic.
                  | (+10% MP) [potion of mutation]
  2682 | D:3      | Gained mutation: Your body sometimes deteriorates upon
                  | taking damage. [potion of mutation]
  2682 | D:3      | Gained mutation: You expend magic power (3 MP) to
                  | strengthen your wands. [potion of mutation]
  3258 | D:4      | Noticed a black bear
  3275 | D:4      | Killed a black bear
  3276 | D:4      | Reached skill level 4 in Short Blades
  3276 | D:4      | Reached XP level 6. HP: 45/56 MP: 6/6
  3472 | D:4      | Reached *** piety under Dithmenos
  4146 | D:5      | Entered Level 5 of the Dungeon
  4146 | D:5      | Noticed a water moccasin
  4148 | D:5      | Noticed a water moccasin
  4159 | D:4      | Killed a water moccasin
  4212 | D:5      | Reached skill level 5 in Stealth
  4297 | D:5      | Your scales start taking on a fiery red colour.
  4297 | D:5      | Reached XP level 7. HP: 56/61 MP: 7/7
  4297 | D:5      | Gained mutation: Your flesh is heat resistant. (rF+) [Red
                  | Draconian growth]
  4865 | D:5      | Found Cubbet's Weapon Shoppe.
  4924 | D:5      | Reached skill level 5 in Short Blades
  5374 | D:6      | Noticed a steam dragon
  5379 | D:6      | Noticed a boulder beetle
  5380 | D:6      | Killed a steam dragon
  5381 | D:6      | Reached skill level 6 in Short Blades
  5381 | D:6      | Noticed a cyclops
  5388 | D:6      | Killed a cyclops
  5389 | D:6      | Reached skill level 7 in Short Blades
  5389 | D:6      | Reached XP level 8. HP: 68/68 MP: 8/8
  5407 | D:6      | Slain by a boulder beetle

Illustrated notes

Levels and vault maps discovered:
D:1:      mrwooster_arrival_statue_3, layout_basic, serial_shops,
          nicolae_shop_statue_plus, shapermc_ecumenical_altar_venn
D:2:      layout_basic, basic_altar
D:3:      cheibrodos_thug_alley, layout_basic, kennysheep_boxes
D:4:      layout_basic, nicolae_eternal_life
D:5:      layout_basic, serial_shops, nicolae_shop_bloodbath_and_beyond,
          chequers_jeans, item_on_display_a
D:6:      hangedman_cross_stitches, layout_rooms,
          nicolae_elevator_lobby_asterisk

Skill      XL: |  1  2  3  4  5  6  7 |
---------------+----------------------+-----
Stealth        | 2 3 5 6 |  6.0
Fighting       | 4 5 |  5.0
Short Blades   | 1 3 4 7 |  7.7
Maces & Flails | |  3.0
Dodging        | |  2.6

Action                   |  1- 3 |  4- 6 |  7- 9 || total
-------------------------+-------+-------+-------++-------
Melee: Mace              |    62 |       |       ||    62
       Tailslap          |     5 |    27 |    21 ||    53
       Punch             |     2 |     1 |     2 ||     5
       Short sword       |    12 |   163 |    89 ||   264
Throw: Dart              |       |     5 |       ||     5
 Abil: Breathe Fire      |       |       |     4 ||     4
  Use: Scroll            |     7 |     4 |     2 ||    13
       Potion            |       |     6 |     1 ||     7
 Stab: Sleeping          |     2 |     6 |     6 ||    14
       Distracted        |       |     1 |       ||     1
Armor: Skin              |    25 |    41 |    14 ||    80
Dodge: Dodged            |    55 |   124 |    75 ||   254

Table legend: (Time is in decaauts)
 A = Elapsed time spent in this place.
 B = Non-inter-level travel time spent in this place.
 C = Inter-level travel time spent in this place.
 D = Time resting spent in this place.
 E = Time spent auto-exploring this place.
 F = Levels seen in this place.
 G = Mean time per level.
                   A        B        C        D        E       F      G
               +--------+--------+--------+--------+--------+-----+--------+
         Total |   5383 |   5194 |    189 |   1092 |   3259 |   6 |  897.2 |
       Dungeon |   5383 |   5194 |    189 |   1092 |   3259 |   6 |  897.2 |
               +--------+--------+--------+--------+--------+-----+--------+

Top non-repeatable levels by time:
     D:4: 1228 daAuts
     D:5: 1155 daAuts
     D:3: 1019 daAuts
     D:2: 997 daAuts
     D:1: 931 daAuts
     D:6: 51 daAuts
